AoeStats
← 只会打步弓

Arabia

507541316Analyzed
1v1 RM · 13d ago on Sep 18, 2026· 46m 9s· 2 players
Game mode
Random Map
Map size
Tiny (2 player)
Population
200
Speed
Normal
Resources
Standard
Victory
Conquest
Starting age
Dark Age
Ending age
Imperial Age
RankedLock teamsTeams togetherTeam positionsShared explorationLock speedFull tech treeHidden civsTurbo modeCheats
Victory
Defeat
🇹🇷 Persians · Türkiye
2063
+8
🇨🇳 Mapuche · China
1860
-8
只会打步弓
6:23 Loom
8:54 Feudal Age
9:28 Double-Bit Axe
11:15 Horse Collar
19:40 Castle Age
17:51 Gold Mining
18:31 Fletching
19:35 Town Watch
20:38 Bodkin Arrow
24:39 Padded Archer Armor
29:23 Leather Archer Armor
29:45 Ballistics
33:32 Wheelbarrow
37:58 Malon
41:13 Imperial Age
40:32 Gold Shaft Mining
41:19 Elite Bolas Rider
42:31 Ring Archer Armor
43:19 Chemistry
Patoshiq
5:54 Loom
8:32 Feudal Age
9:11 Double-Bit Axe
20:03 Castle Age
18:28 Gold Mining
19:03 Fletching
19:01 Horse Collar
19:49 Crossbowman
20:25 Bodkin Arrow
22:11 Bow Saw
29:20 Wheelbarrow
34:13 Imperial Age
34:57 Imperial Age
32:37 Padded Archer Armor
33:59 Leather Archer Armor
34:08 Husbandry
34:18 Bloodlines
34:32 Scale Barding Armor
34:38 Thumb Ring
34:37 Kamandaran
34:25 Light Cavalry
36:49 Chemistry
37:16 Ring Archer Armor
37:17 Ballistics
38:21 Chain Barding Armor
39:18 Hand Cart
39:47 Stone Mining
41:01 Conscription
42:37 Plate Barding Armor
42:57 Cavalier
44:27 Forging
46:54 Thumb Ring
Connection lost

Rejoining the realm…

Still unreachable

The connection could not be restored.

Session expired

The server has moved on; the page needs a fresh start.